[Event "Late-Titled-Tuesday-Blitz-June-04-2024"]
[Site "Chess.com"]
[Date "2024.06.04"]
[Round "5"]
[White "Dexter_Dyke"]
[Black "Rutricks"]
[Result "0-1"]
[WhiteElo "2469"]
[BlackElo "2679"]
[TimeControl "180+1"]
[EndTime "14:55:16 PDT"]
[Termination "Rutricks won on time"]

1. e4 g6 2. d4 Bg7 3. Nc3 c6 4. Be3 d5 5. f3 dxe4 6. fxe4 Nf6 7. Nf3 Ng4 8. Bf4 Qb6 9. Qd2 Nd7 10. h3 e5 11. dxe5 Ngxe5 12. O-O-O O-O 13. Bh6 Re8 14. Bxg7 Kxg7 15. h4 h5 16. Be2 Ng4 17. Nd4 Nde5 18. Rhf1 Bd7 19. Qg5 f6 20. Qd2 Rad8 21. Qf4 Bc8 22.
Bxg4 Nxg4 23. Nce2 Qa5 24. Kb1 Qe5 25. Qxe5 Nxe5 26.
Nf4 Kf7 27. b3 Ng4 28. Rfe1 Nf2 29. Rd2 Nxe4 30. Red1 Nxd2+ 31. Rxd2 c5 32. Nf3 Rxd2 33.
Nxd2 b6 34. Nc4 Rd8 35. Kc1 Bg4 36. Nd3 Bf5 37. Nf4 Be4 38. g3 g5 0-1

[Event "Late-Titled-Tuesday-Blitz-June-04-2024"]
[Site "Chess.com"]
[Date "2024.06.04"]
[Round "5"]
[White "Heliosis11"]
[Black "mfschulz"]
[Result "0-1"]
[WhiteElo "2393"]
[BlackElo "2255"]
[TimeControl "180+1"]
[EndTime "14:55:17 PDT"]
[Termination "mfschulz won by resignation"]

1. c4 e5 2. Nc3 Nf6 3. g3 d5 4. cxd5 Nxd5 5. Bg2 Nb6 6. Nf3 Nc6 7. d3 Be7 8. O-O O-O 9. b3 f5 10. Bb2 Bf6 11.
e3 a5 12. Qc2 Nb4 13. Qe2 Nxd3 14. Rad1 e4 15. Ne1 a4 16. Nxd3 exd3 17. Rxd3 Qe7 18. Nd5 Nxd5 19. Bxd5+ Kh8 20. Rc1 c6 21. Bg2 axb3 22.
Bxf6 Qxf6 23. Rxb3 h6 24. h4 Qf7 25. Qb2 Rd8 26.
a3 Qe7 27. Rb4 Ra7 28. e4 f4 29. e5 fxg3 30. fxg3 Be6 31. Rf4 Qxa3 32. Qf2 Qxc1+ 33. Kh2 Rd2 34. Rf8+ Kh7 35. Qf4 Rxg2+ 36. Kxg2 Qxf4 37. gxf4 Ra3 38. f5 Bd5+ 39. Kh2 Re3 40. e6 b5 41. Rd8 b4 42. Rb8 b3 43. Kg1 Re5 44. h5 Rxf5 45. e7 Bf7 46. e8=Q Bxe8 47. Rxe8 c5 48. Rb8 c4 49.
Kg2 Rxh5 50. Rb4 Rc5 0-1

[Event "Late-Titled-Tuesday-Blitz-June-04-2024"]
[Site "Chess.com"]
[Date "2024.06.04"]
[Round "5"]
[White "mbojan"]
[Black "denizozen"]
[Result "0-1"]
[WhiteElo "2848"]
[BlackElo "2945"]
[TimeControl "180+1"]
[EndTime "14:55:18 PDT"]
[Termination "denizozen won by checkmate"]

1. a3 d5 2. h3 e5 3. e3 Nf6 4.
d4 exd4 5. exd4 c5 6. Nf3 Nc6 7. Be3 Qb6 8. Nc3 cxd4 9. Nxd4 Qc7 10. Ncb5 Qe5 11. Nf3 Qb8 12. Qd2 Bd6 13. Nxd6+ Qxd6 14. O-O-O O-O 15. Bd3 Be6 16. g4 Rac8 17. Kb1 a6 18. Rhe1 Rfd8 19. Nd4 Ne4 20. Bxe4 dxe4 21. Nxc6 Rxc6 22.
Qc1 Qe7 23. Bg5 f6 24. Bf4 Bf7 25. Rxd8+ Qxd8 26. Rd1 Qc8 27. Qd2 g5 28. Be3 Qe6 29. b3 Kg7 30. Qd4 h6 31. Kb2 b5 32. Rd2 a5 33. a4 b4 34. Kb1 Rc3 35. Qd6 Qc8 36. Qd4 Qc6 37. Kb2 Qe6 38. Qd6 Qc8 39. Qd4 Rc6 40.
Qd7 Rxc2+ 41. Kb1 Rc1+ 42. Kb2 Qc3+ 43. Ka2 Ra1# 0-1

[Event "Late-Titled-Tuesday-Blitz-June-04-2024"]
[Site "Chess.com"]
[Date "2024.06.04"]
[Round "5"]
[White "IMJonathanCarlstedt"]
[Black "RealPerangel"]
[Result "0-1"]
[WhiteElo "2576"]
[BlackElo "2749"]
[TimeControl "180+1"]
[EndTime "14:55:18 PDT"]
[Termination "RealPerangel won by resignation"]

1. c4 c5 2. g3 g6 3. Bg2 Bg7 4.
Nc3 Nc6 5. a3 e6 6. Rb1 Nge7 7.
b4 d6 8. Nf3 O-O 9. O-O b6 10.
bxc5 dxc5 11. Bb2 e5 12. d3 h6 13. e4 Bg4 14. Nd5 Qd7 15. Qa4 Nxd5 16. cxd5 Nd4 17. Qxd7 Nxf3+ 18. Bxf3 Bxd7 19. Bd1 Rfc8 20. f4 exf4 21.
Bxg7 Kxg7 22. gxf4 c4 23. dxc4 Rxc4 24. Bf3 Rac8 25.
Rfe1 Rc3 26. Kf2 Rxa3 27. Ra1 Rc2+ 28. Kg3 Rxa1 29. Rxa1 a5 30. e5 a4 31. d6 h5 32.
Be4 Rc3+ 33. Kf2 b5 34. Ke2 b4 35. Kd2 a3 36. Bd5 Kf8 37. Rb1 Bf5 38. Rxb4 Rd3+ 39. Ke2 Rxd5 40. Rb8+ Kg7 41. Ra8 Rd4 42. Rxa3 Rxf4 43.
Ra5 Rh4 44. Ke3 Rxh2 45. Kd4 Rd2+ 46. Kc5 h4 47. Ra4 h3 48. Rh4 g5 49. Rh5 h2 50.
Rxg5+ Bg6 0-1

[Event "Late-Titled-Tuesday-Blitz-June-04-2024"]
[Site "Chess.com"]
[Date "2024.06.04"]
[Round "5"]
[White "Mischuk_D"]
[Black "picturesquecheck"]
[Result "1-0"]
[WhiteElo "2712"]
[BlackElo "2450"]
[TimeControl "180+1"]
[EndTime "14:55:18 PDT"]
[Termination "Mischuk_D won by resignation"]

1. d4 d6 2. e4 g6 3. Nc3 Bg7 4. Bg5 h6 5. Bh4 Nd7 6. f4 c5 7. d5 Qb6 8. Rb1 Qa5 9. Qd2 Ngf6 10. Nf3 O-O 11. Bd3 Re8 12. e5 dxe5 13. fxe5 Ng4 14. e6 fxe6 15. Bxg6 Rf8 16. dxe6 Nde5 17. Nxe5 Nxe5 18. Bf7+ Nxf7 19. exf7+ Rxf7 20. Bf2 Bf5 21. O-O Rd8 22. Qe2 Qa6 23. Qxa6 bxa6 24. Bxc5 Bxc2 25.
Rxf7 Kxf7 26. Rf1+ Ke8 27. Bxa7 Bxc3 28. bxc3 Rd2 29. Be3 Re2 30. Bf2 Bd3 31. Rd1 Bc4 32. a3 Ra2 33. Bc5 e6 34. Rd4 Bd5 35. Rg4 Ra1+ 36. Kf2 Ra2+ 37. Kf1 Ra1+ 38. Ke2 Ra2+ 39.
Kd3 Rxg2 40. Rh4 Rg6 41. Be3 Rg2 42. c4 Bf3 43. Rxh6 Kd7 44. h4 a5 45. Bb6 a4 46.
Bc5 e5 47. Bb4 e4+ 48. Ke3 Re2+ 49. Kf4 Bh1 50. Rd6+ Kc7 51. h5 Rf2+ 52. Kg5 Rg2+ 53. Kf4 Rf2+ 54. Kg3 Rg2+ 55. Kh3 Rg5 56. Kh4 Re5 57.
Rd1 e3 58. Bd6+ 1-0

[Event "Late-Titled-Tuesday-Blitz-June-04-2024"]
[Site "Chess.com"]
[Date "2024.06.04"]
[Round "5"]
[White "lachesisQ"]
[Black "Jagerrmeisterr"]
[Result "1-0"]
[WhiteElo "3039"]
[BlackElo "2680"]
[TimeControl "180+1"]
[EndTime "14:55:19 PDT"]
[Termination "lachesisQ won by resignation"]

1. e4 c6 2. d4 d5 3. e5 Bf5 4. h4 h5 5. Bd3 Bxd3 6. Qxd3 e6 7. Bg5 Be7 8. Nf3 Qb6 9. Nbd2 Qa6 10.
c4 Nd7 11. O-O Nh6 12. Bxh6 Rxh6 13. Rfc1 Rd8 14. a3 Rg6 15. Qe3 Rg4 16. g3 dxc4 17. Nxc4 Nb6 18. Nxb6 axb6 19. b4 Qa4 20. Rab1 Rd5 21.
Rb3 Kf8 22. Rd3 b5 23. Nh2 Rg6 24. Qe4 Qa7 25. Kh1 Kg8 26. Rcd1 Qa8 27. Qf3 Rh6 28. Nf1 Qe8 29. Ne3 Rd8 30. Ng2 f5 31. exf6 Rxf6 32. Qe2 Qf7 33. Kg1 Rd5 34. Re1 Bd8 35. Nf4 Rdf5 36. Re3 Bc7 37. Nh3 Rd5 38. Ng5 Qd7 39.
Qxh5 Rh6 40. Rxe6 Rxg5 41. Qe8+ Qxe8 42. Rxe8+ Kh7 43. hxg5 Rd6 44. R1e4 Bb6 45. R8e6 Rxe6 46. Rxe6 Bxd4 47. Kg2 Bb2 48. Re3 Kg6 49. f4 Bd4 50. Rd3 Bb2 51. Kf3 b6 52. Rd6+ Kf7 53. Rxc6 Bxa3 54. Rxb6 Bxb4 55. Rxb5 1-0

[Event "Late-Titled-Tuesday-Blitz-June-04-2024"]
[Site "Chess.com"]
[Date "2024.06.04"]
[Round "5"]
[White "FMOlexandrProhorov"]
[Black "subham777"]
[Result "0-1"]
[WhiteElo "2369"]
[BlackElo "2552"]
[TimeControl "180+1"]
[EndTime "14:55:21 PDT"]
[Termination "subham777 won on time"]

1. d4 d5 2. c4 e6 3. Nc3 Nf6 4. Nf3 Be7 5. Bf4 O-O 6. e3 Ne4 7. Bd3 f5 8. Qc2 c6 9. h3 Nd7 10. g4 Qa5 11. Ke2 Bb4 12. gxf5 exf5 13. cxd5 Bxc3 14.
dxc6 bxc6 15. bxc3 Nxc3+ 16. Kf1 Nf6 17. Rc1 Nfd5 18.
Be5 Ba6 19. Rg1 g6 20. h4 Qxa2 21. Bxa6 Qxa6+ 22. Kg2 Qe2 23. Qb3 Ne4 24. Rc2 Qa6 25. h5 Qb5 26. Qa2 Rf7 27. hxg6 hxg6 28. Rh1 Rh7 29. Rxh7 Kxh7 30. Qa1 Ndf6 31. Qb2 Qxb2 32. Rxb2 a5 33. Ng5+ Nxg5 34. Bxf6 Ne4 35. Rb7+ Kg8 36. Be5 a4 37. Rg7+ Kf8 38. Rh7 Ra6 39. Rh8+ Kf7 40. Rh7+ Ke6 0-1

[Event "Late-Titled-Tuesday-Blitz-June-04-2024"]
[Site "Chess.com"]
[Date "2024.06.04"]
[Round "5"]
[White "Polish_fighter3000"]
[Black "eljanov"]
[Result "0-1"]
[WhiteElo "3068"]
[BlackElo "2928"]
[TimeControl "180+1"]
[EndTime "14:55:22 PDT"]
[Termination "eljanov won by resignation"]

1. e4 c6 2. Nf3 d5 3. Nc3 dxe4 4.
Nxe4 Nf6 5. Qe2 Nxe4 6. Qxe4 Qd5 7. Qf4 Qd6 8. Qe3 Bf5 9. d3 Nd7 10. Bd2 e6 11. h3 Be7 12. g4 Bg6 13. h4 h5 14. g5 Qc7 15. O-O-O O-O 16. Bh3 Bc5 17. Qe2 a5 18. Kb1 b5 19. Be3 Bd6 20. Nd2 a4 21.
Ne4 Bf4 22. Nc5 Nxc5 23. Bxc5 Bd6 24. Bxd6 Qxd6 25. Qe3 a3 26. b3 c5 27. Bg2 Rad8 28. Kc1 Qc7 29. Rhe1 Rd4 30. Be4 Bxe4 31. dxe4 Rfd8 32.
c3 b4 33. Kc2 bxc3 34. Qxc3 Qe5 35. Rxd4 cxd4 36. Qd3 Rc8+ 37. Kb1 Rc3 38. Qa6 d3 39. Qa8+ Kh7 40. g6+ fxg6 41. Qxa3 d2 42. Rd1 Qxe4+ 43. Ka1 Qd4 44. Kb1 Qd3+ 45. Ka1 Rc2 46.
Qb4 Rc1+ 47. Kb2 Rxd1 0-1

[Event "Late-Titled-Tuesday-Blitz-June-04-2024"]
[Site "Chess.com"]
[Date "2024.06.04"]
[Round "5"]
[White "zacachess"]
[Black "JEIGOTH"]
[Result "1-0"]
[WhiteElo "2526"]
[BlackElo "2303"]
[TimeControl "180+1"]
[EndTime "14:55:23 PDT"]
[Termination "zacachess won on time"]

1. e4 d6 2. d4 Nd7 3. Nf3 e5 4.
Nc3 Ngf6 5. Bc4 Be7 6. O-O O-O 7. a4 c6 8. h3 b6 9. Be3 a6 10. Ba2 Bb7 11. Re1 b5 12. b4 Qc7 13. Qd3 bxa4 14. Nxa4 a5 15. dxe5 dxe5 16. bxa5 Rxa5 17. Bb3 Rfa8 18. Bd2 R5a7 19. Qf1 Nc5 20. Nxc5 Rxa1 21.
Rxa1 Rxa1 22. Qxa1 Bxc5 23. Nxe5 Nxe4 24. Be1 Nd6 25. Qc3 Bb6 26. Qf3 c5 27. Bd5 Bxd5 28. Qxd5 g6 29. Bc3 c4 30. Ng4 h5 31. Nf6+ Kf8 32.
Bb4 Kg7 33. Bxd6 Qa7 34. Ne8+ Kg8 35. Nf6+ Kg7 36. Ne4 Qa1+ 37. Kh2 f6 38. Qe6 Qa7 39. Be7 Bd4 40. Bxf6+ Bxf6 41. Qxf6+ Kh6 42. h4 Qc7+ 43. g3 Qb7 44. Qh8+ 1-0

[Event "Late-Titled-Tuesday-Blitz-June-04-2024"]
[Site "Chess.com"]
[Date "2024.06.04"]
[Round "5"]
[White "alexrustemov"]
[Black "Duhless"]
[Result "0-1"]
[WhiteElo "2819"]
[BlackElo "3108"]
[TimeControl "180+1"]
[EndTime "14:55:24 PDT"]
[Termination "Duhless won on time"]

1. d4 Nf6 2. c4 g6 3. Nf3 Bg7 4. g3 b6 5. Bg2 Bb7 6. O-O O-O 7. d5 Na6 8. Nc3 Nc5 9. Re1 e6 10. e4 d6 11. h3 a5 12. Be3 Ncxe4 13. Nxe4 Nxe4 14.
dxe6 fxe6 15. Nd4 Qd7 16. Qc2 Nc5 17. Bxb7 Nxb7 18. Rad1 Rae8 19. Kh2 Qf7 20. Nb5 Nd8 21. b3 e5 22. Qe4 Ne6 23. Qd5 h5 24. h4 Kh7 25. a3 Bh6 26. b4 axb4 27. axb4 g5 28. hxg5 Bxg5 29. Qe4+ Kg7 30. Rd2 Bxe3 31. Rxe3 Ng5 32.
Qh4 Kg6 33. Kg2 Re6 34. Rde2 Rf6 35. g4 hxg4 36. Nc3 Rf3 37. Ne4 Qf5 38. Ng3 Rxf2+ 39. Kg1 Qb1+ 40. Re1 Nf3+ 0-1

[Event "Late-Titled-Tuesday-Blitz-June-04-2024"]
[Site "Chess.com"]
[Date "2024.06.04"]
[Round "5"]
[White "Bilan_Danila"]
[Black "laskakid"]
[Result "1-0"]
[WhiteElo "2557"]
[BlackElo "2386"]
[TimeControl "180+1"]
[EndTime "14:55:25 PDT"]
[Termination "Bilan_Danila won on time"]

1. d4 f5 2. Nf3 Nf6 3. g3 g6 4. Bg2 Bg7 5. O-O O-O 6. c4 d6 7. Nc3 c6 8. d5 e5 9. dxe6 Bxe6 10. Bf4 Bxc4 11. Bxd6 Re8 12. Ne5 Be6 13. Qd2 Nd5 14.
Nxd5 cxd5 15. Bxb8 Rxb8 16. Nd3 d4 17. Nf4 Bc4 18.
b3 Bf7 19. Rac1 Qd6 20. Rc2 Be5 21. Nd3 Bf6 22. Rfc1 Re7 23. Qf4 Qxf4 24. gxf4 Rbe8 25. Bf3 b6 26. Rc8 Kg7 27. Rxe8 Rxe8 28. Rc7 Re7 29.
Rc6 h6 30. Kf1 g5 31. fxg5 hxg5 32. Nb4 g4 33. Bd5 a5 34. Bxf7 axb4 35. Be6 Ra7 36. Bxf5 Rxa2 37. Rxb6 Ra1+ 38. Kg2 Ra2 39. Bxg4 Be7 40.
Kf3 Rb2 41. Be6 Kf6 42. Bc4+ Ke5 43. Re6+ Kf5 44. Rxe7 1-0

[Event "Late-Titled-Tuesday-Blitz-June-04-2024"]
[Site "Chess.com"]
[Date "2024.06.04"]
[Round "5"]
[White "omer1997"]
[Black "guillembaches"]
[Result "1-0"]
[WhiteElo "2526"]
[BlackElo "2488"]
[TimeControl "180+1"]
[EndTime "14:55:25 PDT"]
[Termination "omer1997 won on time"]

1. e4 c5 2. Nf3 d6 3. c3 Nf6 4. Bd3 b6 5. O-O Bb7 6. Re1 Nbd7 7. Bc2 e5 8. d3 g6 9. a4 a6 10. d4 Bg7 11. Na3 exd4 12. cxd4 O-O 13. Nc4 d5 14. Nd6 Qc7 15. e5 Ne4 16. Nxe4 dxe4 17. Bxe4 Bxe4 18. Rxe4 cxd4 19. Bf4 Qb7 20. Rxd4 Nc5 21. Bg3 Rfe8 22. b4 Ne4 23. Rd7 Qc6 24. Rc1 Qe6 25. Rcc7 Nxg3 26. hxg3 Rf8 27. Re7 Qa2 28. e6 Rad8 29. exf7+ Kh8 30.
Qxd8 Rxd8 31. Re8+ Bf8 32. Rxd8 Kg7 33. Rcc8 Bxb4 34.
f8=Q+ Bxf8 35. Rxf8 Qxa4 36. Rg8+ Kh6 37. Kh2 Qa2 38. Rc7 g5 39. Rc6+ 1-0

[Event "Late-Titled-Tuesday-Blitz-June-04-2024"]
[Site "Chess.com"]
[Date "2024.06.04"]
[Round "5"]
[White "chessdjw"]
[Black "zverr1"]
[Result "0-1"]
[WhiteElo "2762"]
[BlackElo "2617"]
[TimeControl "180+1"]
[EndTime "14:55:26 PDT"]
[Termination "zverr1 won on time"]

1. e4 c5 2. Nf3 Nc6 3. Bb5 Nf6 4. Bxc6 dxc6 5. d3 Bg4 6. h3 Bh5 7. O-O Qc7 8. a4 h6 9. Na3 g5 10. Nc4 g4 11. hxg4 Bxg4 12. Nce5 Bxf3 13. Nxf3 O-O-O 14. Be3 e5 15. Nh4 Rg8 16. Qf3 Ng4 17. a5 Kb8 18. a6 b6 19. Nf5 Be7 20. Qh3 Rg6 21. g3 Rh8 22. Kg2 h5 23. f3 Nxe3+ 24. Nxe3 Bg5 25.
Nf5 f6 26. Kf2 h4 27. gxh4 Bxh4+ 28. Nxh4 Rgh6 29. Rh1 Rxh4 30. Qxh4 Rxh4 31. Rxh4 Qd8 32. Rah1 Qd4+ 33. Kg3 Qe3 34. Rg4 Kc7 35. Rh7+ Kd6 36. Rh1 b5 37. b3 c4 38. bxc4 b4 39. Rg6 Qf4+ 40. Kg2 Kc5 0-1

[Event "Late-Titled-Tuesday-Blitz-June-04-2024"]
[Site "Chess.com"]
[Date "2024.06.04"]
[Round "5"]
[White "EsmeraldasAnderson03"]
[Black "kemelgallo"]
[Result "1-0"]
[WhiteElo "2468"]
[BlackElo "2701"]
[TimeControl "180+1"]
[EndTime "14:55:28 PDT"]
[Termination "EsmeraldasAnderson03 won on time"]

1. d4 d5 2. c4 e6 3. cxd5 exd5 4. Nc3 c6 5. Qc2 Bd6 6. Nf3 h6 7.
e4 dxe4 8. Nxe4 Be7 9. Bc4 Nf6 10. O-O O-O 11. Re1 Nd5 12. Ne5 Nd7 13. Qe2 N7f6 14. Bd3 Nb4 15. Bb1 Qxd4 16. Nf3 Qd8 17. Nxf6+ gxf6 18. Qxe7 Qxe7 19. Rxe7 Be6 20. Rxb7 Rfd8 21. h3 Rd1+ 22. Kh2 Rxc1 23. Rxb4 Bf5 24. Bxf5 Rxa1 25. Be4 Rc8 26. Rc4 Rxa2 27. b4 Rxf2 28. Bxc6 Kf8 29. b5 Ra2 30. Rh4 Kg7 31. Nd4 Rf2 32. Kg3 Rf1 33.
Rg4+ Kf8 34. Rh4 Rd8 35. Nf3 Kg7 36. Ra4 Rd6 37. Rxa7 f5 38. Ra4 Kf6 39. Be8 Ke7 40.
Bc6 Rdd1 41. b6 Rb1 42. b7 Rfc1 43. Nd4 Rc3+ 44. Bf3 1-0

[Event "Late-Titled-Tuesday-Blitz-June-04-2024"]
[Site "Chess.com"]
[Date "2024.06.04"]
[Round "5"]
[White "egnfanclub"]
[Black "whiteglovethief"]
[Result "0-1"]
[WhiteElo "2359"]
[BlackElo "2534"]
[TimeControl "180+1"]
[EndTime "14:55:30 PDT"]
[Termination "whiteglovethief won by resignation"]

1. e4 e6 2. d4 d5 3. Nc3 Bb4 4. Ne2 dxe4 5. a3 Bxc3+ 6. Nxc3 Nc6 7.
Bb5 Ne7 8. Nxe4 Qd5 9. Qd3 O-O 10. Be3 f5 11. Nc3 Qxg2 12. O-O-O Qf3 13. d5 Nxd5 14. Nxd5 exd5 15. Qxd5+ Qxd5 16. Rxd5 f4 17. Bc5 Be6 18.
Bxc6 bxc6 19. Rd4 Rf5 20. b4 Bd5 21. Re1 a5 22. Re7 axb4 23. axb4 Ra1+ 24. Kd2 Rf1 25. Ke2 Rh1 26. c4 f3+ 27. Kd2 Rxh2 28. cxd5 Rxf2+ 29. Kc3 Re2 30. Rxe2 fxe2 31. Re4 cxd5 32. Rxe2 h5 33. Re7 c6 34. Rc7 Rf6 35. Bd4 Rg6 36. Rc8+ Kh7 37. Re8 h4 38. Re1 h3 39. Rh1 Rh6 40. Be3 Rh5 41.
Kd4 Kg6 42. Kc5 Kf5 43. Kxc6 Ke4 44. Bc5 Rh6+ 45. Kc7 g5 46. Rg1 h2 47. Re1+ Kf3 48.
Bd6 h1=Q 49. Rxh1 Rxh1 50. b5 Rb1 51. b6 g4 52. b7 g3 53. Bc5 g2 54. Bb6 Rxb6 55.
b8=Q Rxb8 0-1

[Event "Late-Titled-Tuesday-Blitz-June-04-2024"]
[Site "Chess.com"]
[Date "2024.06.04"]
[Round "5"]
[White "emeli_chess"]
[Black "MrEscacs"]
[Result "0-1"]
[WhiteElo "2354"]
[BlackElo "2156"]
[TimeControl "180+1"]
[EndTime "14:55:30 PDT"]
[Termination "MrEscacs won on time"]

1. d4 Nf6 2. c4 g6 3. Nc3 Bg7 4.
e4 d6 5. f3 O-O 6. Be3 Nc6 7.
Nge2 a6 8. Qd2 Na5 9. Ng3 b5 10. h4 h5 11. b3 Nd7 12. Bh6 c5 13. Bxg7 Kxg7 14. Nxh5+ Kh7 15. Ng3 e5 16. d5 Rh8 17.
h5 Kg7 18. cxb5 axb5 19. Bxb5 Nxb3 20. Qd1 Nxa1 21. Qxa1 Qa5 22. O-O Nf6 23. Bc6 Rb8 24.
f4 Nxh5 25. Nxh5+ Rxh5 26. fxe5 dxe5 27. d6 Ba6 28. Rf3 Rbh8 29. Kf2 c4 30. Nd5 Qc5+ 31. Ke2 c3+ 32. Kd1 Rh1+ 33. Kc2 Rb1 34. Qxb1 Qxc6 35.
Qe1 Rh2 36. Qg3 Qa4+ 37. Kxc3 Qc4+ 38. Kb2 Qd4+ 39. Ka3 Qc5+ 40. Kb2 Qd4+ 41. Nc3 Rh1 42. d7 Qb6+ 43. Kc2 Bd3+ 44. Rxd3 Qa5 0-1

[Event "Late-Titled-Tuesday-Blitz-June-04-2024"]
[Site "Chess.com"]
[Date "2024.06.04"]
[Round "5"]
[White "PotapovaM"]
[Black "GMG"]
[Result "1-0"]
[WhiteElo "2562"]
[BlackElo "2703"]
[TimeControl "180+1"]
[EndTime "14:55:31 PDT"]
[Termination "PotapovaM won on time"]

1. e4 c5 2. Nf3 Nc6 3. Bb5 e6 4. O-O Nge7 5. Re1 b6 6. d4 cxd4 7. Nxd4 Bb7 8. Nc3 Ng6 9. Nxc6 dxc6 10. Bf1 Bb4 11. Qf3 Qf6 12. Qxf6 gxf6 13. Bd2 O-O-O 14. Rad1 h5 15. a3 Bd6 16. Be3 Be5 17. a4 c5 18.
f3 Bxc3 19. bxc3 a5 20. Rb1 Kc7 21. Rb2 Bc6 22. Reb1 Rb8 23. Ra1 Rhd8 24. Kf2 h4 25. g3 hxg3+ 26. hxg3 Rh8 27. Bg2 Ne5 28. Bf4 Rbd8 29. Rab1 Rb8 30. Ra2 Bb7 31. Rab2 Ba6 32. g4 Kc6 33. g5 Rb7 34. gxf6 Nc4 35. Ra2 Rd7 36. Raa1 e5 37. Bg5 Rg8 38. f4 exf4 39. e5+ Kc7 40. Bxf4 Rxg2+ 41. Kxg2 Bb7+ 42. Kg3 Kc6 43. Rd1 Bc8 44. Rxd7 Bxd7 45. Rd1 Be6 46. Rd8 Kc7 47.
Re8 Kd7 48. Re7+ Kd8 49. Bg5 1-0

[Event "Late-Titled-Tuesday-Blitz-June-04-2024"]
[Site "Chess.com"]
[Date "2024.06.04"]
[Round "5"]
[White "dropstoneDP"]
[Black "ArtemDyachuk"]
[Result "1-0"]
[WhiteElo "2960"]
[BlackElo "2670"]
[TimeControl "180+1"]
[EndTime "14:55:34 PDT"]
[Termination "dropstoneDP won on time"]

1. d4 Nf6 2. c4 e6 3. Nf3 c5 4. d5 d6 5. Nc3 exd5 6. cxd5 g6 7.
e4 Bg7 8. Be3 O-O 9. h3 Re8 10.
Bd3 a6 11. a4 Nxe4 12. Nxe4 f5 13. Nxd6 Qxd6 14. O-O b6 15. Ng5 h6 16. Ne6 Bxe6 17.
dxe6 Qxe6 18. Qc2 Kh7 19. a5 Nc6 20. axb6 Nb4 21. Qc4 Nxd3 22. Qxd3 Qxb6 23. Qc4 Qxb2 24. Rab1 Qe5 25. Rb7 Re7 26. Rfb1 Rae8 27. g3 Qe4 28. Qxe4 fxe4 29. R7b6 Ra8 30. Bxc5 Rc7 31. Be3 a5 32. Rb8 Rxb8 33. Rxb8 Rc4 34. Ra8 a4 35. Ra7 g5 36.
g4 Kg6 37. Ra6+ Kh7 38. Kg2 Bb2 39. h4 gxh4 40. Rxh6+ Kg7 41. Ra6 a3 42. Kh3 Rc2 43.
Kxh4 Bf6+ 44. g5 Be7 45. Kh5 a2 46. Bd4+ Kg8 47. Ra8+ Bf8 48. g6 Rc7 49. g7 Rxg7 50. Bxg7 Kxg7 51. Rxa2 Kf6 52. Kg4 Ke5 53. Re2 Bc5 54.
Kg3 Kd4 55. Kg2 Ke5 56. Rc2 Bd4 57. Kf1 Kf4 58. Ke2 Be5 59. Rc4 Kf5 60. Ke3 Bf4+ 61. Kd4 Bh2 62. Rc8 Bg1 63. Rf8+ 1-0

[Event "Late-Titled-Tuesday-Blitz-June-04-2024"]
[Site "Chess.com"]
[Date "2024.06.04"]
[Round "5"]
[White "urano56"]
[Black "Alina_Gumerovna"]
[Result "0-1"]
[WhiteElo "2455"]
[BlackElo "2124"]
[TimeControl "180+1"]
[EndTime "14:55:35 PDT"]
[Termination "Alina_Gumerovna won by checkmate"]

1. e4 e5 2. Nf3 Nf6 3. Nxe5 Nxe4 4. Qe2 Qe7 5. Qxe4 d6 6. d4 dxe5 7. Qxe5 Qxe5+ 8. dxe5 Bf5 9. Bd3 Bxd3 10. cxd3 Nc6 11. O-O O-O-O 12. Bf4 Rxd3 13. Nc3 Bb4 14. Rac1 Nd4 15.
Rfd1 Rxd1+ 16. Rxd1 Bxc3 17. Be3 Bxb2 18. Rd2 Bc3 19. Rd3 Rd8 20. Kf1 Nb5 21. Rxd8+ Kxd8 22. f4 Bd4 23. Bd2 Nc3 24. a3 Nb1 25. Bc1 Kd7 26.
Ke2 Bc5 27. a4 Nc3+ 28. Kd3 Nxa4 29. Kc4 Be7 30. g4 Nb6+ 31. Kd4 a5 32. f5 a4 33. g5 a3 34. h4 a2 35. Bb2 Ba3 36. Ba1 Na4 37. Kc4 Bb2 38. f6 gxf6 39. Kb3 Bxa1 40. e6+ Kxe6 41. Kxa2 Be5 42. Kb3 Nc5+ 43.
Kc4 fxg5 44. Kxc5 gxh4 45. Kc4 h3 46. Kd3 h2 47. Ke2 h1=Q 48. Kf2 Qe4 49. Kg1 Qe2 50. Kh1 Qh2# 0-1

[Event "Late-Titled-Tuesday-Blitz-June-04-2024"]
[Site "Chess.com"]
[Date "2024.06.04"]
[Round "5"]
[White "campochess"]
[Black "Timurist"]
[Result "0-1"]
[WhiteElo "2172"]
[BlackElo "2352"]
[TimeControl "180+1"]
[EndTime "14:55:36 PDT"]
[Termination "Timurist won by resignation"]

1. Nf3 c5 2. e4 Nc6 3. Bb5 g6 4. c3 Nf6 5. d3 Bg7 6. O-O O-O 7. Re1 a6 8. Ba4 d5 9. e5 Ne8 10. Bxc6 bxc6 11. h3 Nc7 12. d4 cxd4 13. Nxd4 c5 14. Nf3 Bb7 15. Bg5 Qd7 16. Nbd2 Ne6 17. Bh4 Rab8 18.
Rb1 Rfd8 19. Nf1 d4 20. Qd2 Bxf3 21. gxf3 h6 22. Nh2 g5 23. Bg3 dxc3 24. Qxd7 Rxd7 25. bxc3 Rdb7 26. Rxb7 Rxb7 27. Rd1 Rb2 28. Rd7 Rc2 29.
Rxe7 Rxc3 30. Re8+ Kh7 31. Ra8 Ra3 32. Ra7 Kg6 33.
Ng4 Rxa2 34. Ne3 Ra3 35. Kg2 Nf4+ 36. Bxf4 gxf4 37. Nc4 Ra4 38. Nd6 Bxe5 39. Nxf7 Bf6 40. Nd6 c4 41. Rc7 Be5 42. Rc6 Bxd6 43. Rxd6+ Kf5 44.
Rxh6 Ke5 45. Rc6 Kd5 46. Rc8 Ra5 47. h4 Kd4 48. Kh3 c3 49. Rf8 Rc5 50. Rxf4+ Kd3 51. Ra4 c2 52. Ra1 c1=Q 53. Rxc1 Rxc1 54. Kg4 a5 55. h5 a4 56. f4 a3 57. h6 a2 58. f5 a1=Q 0-1

[Event "Late-Titled-Tuesday-Blitz-June-04-2024"]
[Site "Chess.com"]
[Date "2024.06.04"]
[Round "5"]
[White "jinbojinbo"]
[Black "MITerryble"]
[Result "0-1"]
[WhiteElo "2678"]
[BlackElo "3024"]
[TimeControl "180+1"]
[EndTime "14:55:38 PDT"]
[Termination "MITerryble won on time"]

1. e4 e6 2. d4 d5 3. exd5 exd5 4. Nf3 Nc6 5. Nc3 Bb4 6. Bd3 Bg4 7. O-O Nge7 8. h3 Bh5 9. Be2 O-O 10. Bf4 Bd6 11.
Bxd6 Qxd6 12. Re1 a6 13. Qd2 f6 14. Nh2 Bxe2 15. Nxe2 Ng6 16. c3 Nd8 17. Ng3 Ne6 18. Nf5 Qd7 19. Ng4 Rae8 20. Kh2 Ng5 21. Ng3 c6 22. f4 Ne4 23. Nxe4 dxe4 24. Kh1 f5 25. Nf2 h5 26. Nd1 Qc7 27. Rf1 h4 28.
Qf2 e3 29. Nxe3 Re4 30. Nc4 Nxf4 31. Ne5 g5 32. Rfe1 Nh5 33. Qf3 Ng3+ 34. Kg1 Qg7 35. Rxe4 fxe4 36. Qe3 Qf6 37. Kh2 Qf4 38. Qxf4 Rxf4 39.
Re1 Rf2 40. Nc4 b5 41. Nd6 e3 42. Kg1 Rf4 43. b4 e2 0-1

[Event "Late-Titled-Tuesday-Blitz-June-04-2024"]
[Site "Chess.com"]
[Date "2024.06.04"]
[Round "5"]
[White "rhwr"]
[Black "BashiqChess"]
[Result "0-1"]
[WhiteElo "2284"]
[BlackElo "2469"]
[TimeControl "180+1"]
[EndTime "14:55:38 PDT"]
[Termination "BashiqChess won by resignation"]

1. e4 c6 2. d4 d5 3. Nc3 dxe4 4.
Nxe4 Nf6 5. Nxf6+ exf6 6. Nf3 Bd6 7. Bd3 O-O 8. O-O Bg4 9. h3 Bh5 10. c3 Bg6 11. Bxg6 hxg6 12. Be3 Re8 13. Qd2 Nd7 14. Bf4 Nf8 15. Bxd6 Qxd6 16. Rae1 Ne6 17. Re4 g5 18.
Rfe1 Kf8 19. g3 Nc7 20. Rxe8+ Rxe8 21. Rxe8+ Nxe8 22. Qe3 Nc7 23. c4 Qe6 24. b3 Qxh3 25. d5 Qd7 26. Qc5+ Kg8 27. Qxa7 cxd5 28. cxd5 Nxd5 29.
Nd4 Nc3 30. a3 Qxd4 31. Qxb7 Ne4 32. Qc8+ Kh7 33. Qh3+ Kg6 34. Qf1 Nd2 35. Qe2 Qd5 36. b4 Nf3+ 37. Kf1 Ne5 38. Kg1 g4 39. Qc2+ Kh6 40. Qc1+ Kh7 41. a4 Nf3+ 42. Kf1 Qd3+ 43. Kg2 Qe4 44. Kf1 Qxb4 45. Qc2+ g6 46. Qe2 Qxa4 47. Kg2 Qa8 48. Kf1 Qd5 49. Qc2 Qh5 50. Ke2 Qe5+ 51. Kf1 Qe1+ 0-1

[Event "Late-Titled-Tuesday-Blitz-June-04-2024"]
[Site "Chess.com"]
[Date "2024.06.04"]
[Round "5"]
[White "katharinareinecke"]
[Black "Navyblue1"]
[Result "1/2-1/2"]
[WhiteElo "1967"]
[BlackElo "2204"]
[TimeControl "180+1"]
[EndTime "14:55:38 PDT"]
[Termination "Game drawn by repetition"]

1. d4 Nf6 2. Nf3 g6 3. g3 Bg7 4. Bg2 O-O 5. O-O d5 6. c4 c6 7.
b3 Nbd7 8. Bb2 Re8 9. Nbd2 Ne4 10. Nxe4 dxe4 11. Ne5 Nxe5 12. dxe5 Qc7 13. Qd4 Bf5 14. Bxe4 Red8 15. Qe3 Bxe5 16. Bxe5 Qxe5 17. Bxf5 Qxf5 18. Qxe7 b5 19. e4 Qg4 20. f3 Qh3 21. Rad1 Rxd1 22. Rxd1 bxc4 23. Rd8+ Rxd8 24. Qxd8+ Kg7 25. Qd4+ Kg8 26.
Qxc4 Qd7 27. Qc2 Qd4+ 28. Kg2 c5 29. a4 Qe3 30. Kh3 h5 31. Kg2 Qd4 32. h4 Qe3 33. f4 Qd4 34. Kh2 Qe3 35. Kg2 Qd4 36. Kf3 Qg1 37.
Qf2 Qd1+ 38. Kg2 Qxb3 39. Qxc5 Qxa4 40. Qc8+ Kg7 41. Qc3+ Kg8 42. Qc8+ Kh7 43. Qb7 Qc2+ 44. Kh3 Qa2 45. f5 gxf5 46. exf5 a5 47. f6 Qe6+ 48. Kg2 Qxf6 49. Qa7 Qb2+ 50. Kh3 Qf6 51. Qxa5 Qg6 52.
Qd2 Qg4+ 53. Kh2 Qf5 54. Qe2 Qg6 55. Kg2 Qf5 56. Kh2 Qd5 57. Qc2+ Kg7 58. Qb2+ Kh7 59.
Qc2+ Kg7 60. Qc3+ Kh7 61. Qc2+ 1/2-1/2